 Dungeon Sprint DCSS version 0.26.1-10-gdfb7c7de75 (webtiles) character file.

Game seed: 7421272162987005176

1502 Electrofox the Blocker (level 8, -5/82 HPs)
             Began as a Minotaur Fighter on Apr 4, 2021.
             Was a Follower of Okawaru.
             Slain by a demonic crawler (6 damage)
             ... in the Dungeon (Sprint I: "Red Sonja").
             The game lasted 00:04:08 (900 turns).

Electrofox the Blocker (Minotaur Fighter)            Turns: 900, Time: 00:04:11

Health: -5/82      AC: 10    Str: 22    XL:     8   Next: 52%
Magic:  5/7        EV: 12    Int:  6    God:    Okawaru [*.....]
Gold:   405        SH: 15    Dex: 10    Spells: 7/7 levels left

rFire    . . .     SeeInvis .   a - +0 war axe
rCold    . . .     Faith    .   c - +0 kite shield
rNeg     . . .     Spirit   .   b - +0 scale mail
rPois    .         Reflect  .   (helmet restricted)
rElec    .         Harm     .   (no cloak)
rCorr    .         Rampage  .   (no gloves)
Will     .....     NoTele   +   (no boots)
Stlth    +.........             (no amulet)
HPRegen  0.23/turn              (no ring)
MPRegen  0.10/turn              (no ring)

@: heroism
A: retaliatory headbutt, horns 2
a: Renounce Religion, Heroism


You were in the Dungeon.
You worshipped Okawaru.
Okawaru was aware of your devotion.
You visited 1 branch You collected 405 gold pieces.

Inventory:

Hand Weapons
 a - a +0 war axe (weapon)
Armour
 b - a +0 scale mail (worn)
 c - a +0 kite shield (worn)
Wands
 k - a wand of flame (14)
Scrolls
 j - a scroll of blinking
 l - a scroll of acquirement {unknown}
Potions
 d - a potion of attraction {unknown}
 e - a potion of curing
 f - a potion of heal wounds
 g - a potion of haste
 h - 2 potions of magic


   Skills:
 + Level 11.0(16.0) Fighting
 + Level 12.1(17.1) Axes
 + Level 11.0(16.0) Armour
 + Level 12.6(17.6) Shields


You had 7 spell levels left.
You didn't know any spells.
Your spell library was empty.

Dungeon Overview and Level Annotations

Branches:
Dungeon (1/1)

Altars:
Cheibriados
Dithmenos
Elyvilon
Fedhas
Gozag
Hepliaklqana
Kikubaaqudgha
Makhleb
Nemelex Xobeh
Okawaru
Qazlal
Ru
Sif Muna
Trog
Uskayaw
Vehumet
Wu Jian
Xom
Yredelemnul
Zin
The Shining One
Jiyva
Lugonu

Shops:
D [

Annotations:
D exclusion: door


Innate Abilities, Weirdness & Mutations

You reflexively headbutt those who attack you in melee.
You have a pair of horns on your head.


Message History

The demonic crawler hits you but does no damage.
You block the demonic crawler's attack. The demonic crawler barely misses you.
The demonic crawler hits you.
* * * LOW HITPOINT WARNING * * *
You slash the demonic crawler!
The demonic crawler is moderately wounded.
The demonic crawler hits you.
* * * LOW HITPOINT WARNING * * *
The demonic crawler misses you. The demonic crawler hits you!
* * * LOW HITPOINT WARNING * * *
You slash the demonic crawler!
The demonic crawler is heavily wounded.
You slash the demonic crawler!
The demonic crawler is heavily wounded.
You slash the demonic crawler! The demonic crawler hits you!
* * * LOW HITPOINT WARNING * * *
The demonic crawler hits you.
* * * LOW HITPOINT WARNING * * *
The demonic crawler hits you.
You die...

######################
..)..#..'..#__#.ss)..#
).#..').#..'..'.@#)..##+#
####'#####.#__####...'..#
###..#...#(#### #####..+
__####..##.# ##
_____##'#_.+ _.∩...'..._#
_..__##_.#+# _____###+#
######


You could see 2 demonic crawlers.

Vanquished Creatures
  2 kobold demonologists (D)
  A demonic crawler (D)
  A slime creature (D)
  Sigmund (D)
  A yak (D)
  A floating eye (D)
  An ogre (D)
  A jelly (D)
  Ijyb (D)
10 creatures vanquished.

Notes
Turn   | Place    | Note
-------+----------+-------------------------------------------
     0 | D        | Electrofox the Minotaur Fighter began the quest for the
                  | Orb.
     0 | D        | Reached XP level 1. HP: 19/19 MP: 0/0
     1 | D        | Noticed Ijyb
     5 | D        | Killed Ijyb
     6 | D        | Reached XP level 2. HP: 18/26 MP: 1/1
   103 | D        | Noticed an ogre
   106 | D        | Killed an ogre
   107 | D        | Reached XP level 3. HP: 16/31 MP: 2/2
   107 | D        | Reached XP level 4. HP: 20/39 MP: 3/3
   258 | D        | Noticed Sigmund
   266 | D        | Killed Sigmund
   267 | D        | Reached skill level 10 in Axes
   267 | D        | Reached XP level 5. HP: 34/45 MP: 4/4
   267 | D        | Reached XP level 6. HP: 39/51 MP: 5/5
   346 | D        | Found a burning altar of Makhleb.
   346 | D        | Found a viscous altar of Jiyva.
   346 | D        | Found a shimmering altar of Xom.
   346 | D        | Found a corrupted altar of Lugonu.
   346 | D        | Noticed a slime creature
   361 | D        | Killed a slime creature
   365 | D        | Found an ornate altar of the Wu Jian Council.
   365 | D        | Found a shimmering blue altar of Sif Muna.
   559 | D        | Found a radiant altar of Vehumet.
   566 | D        | Found Ocinacemp's Armour Emporium.
   566 | D        | Found an ancient bone altar of Kikubaaqudgha.
   566 | D        | Found a hazy altar of Hepliaklqana.
   566 | D        | Found a stormy altar of Qazlal.
   566 | D        | Found a hide-covered altar of Uskayaw.
   566 | D        | Found a blossoming altar of Fedhas.
   566 | D        | Found a bloodstained altar of Trog.
   566 | D        | Found an iron altar of Okawaru.
   566 | D        | Found a basalt altar of Yredelemnul.
   566 | D        | Found a glowing golden altar of the Shining One.
   566 | D        | Found a snail-covered altar of Cheibriados.
   566 | D        | Found a sacrificial altar of Ru.
   566 | D        | Found a glowing silver altar of Zin.
   566 | D        | Found a shadowy altar of Dithmenos.
   566 | D        | Found a white marble altar of Elyvilon.
   566 | D        | Noticed a yak
   574 | D        | Killed a yak
   575 | D        | Reached XP level 7. HP: 61/70 MP: 6/6
   576 | D        | Found an opulent altar of Gozag.
   590 | D        | Found a sparkling altar of Nemelex Xobeh.
   595 | D        | Became a worshipper of Warmaster Okawaru
   621 | D        | Noticed a kobold demonologist
   622 | D        | Noticed a kobold demonologist
   624 | D        | Paralysed by a floating eye for 2 turns
   632 | D        | Noticed an ice devil
   634 | D        | Noticed an orange demon
   639 | D        | Noticed a smoke demon
   639 | D        | Killed a kobold demonologist
   640 | D        | Reached skill level 10 in Fighting
   640 | D        | Reached skill level 10 in Armour
   640 | D        | Reached XP level 8. HP: 71/79 MP: 7/7
   640 | D        | Killed a kobold demonologist
   640 | D        | Reached * piety under Okawaru
   885 | D        | Noticed a demonic crawler
   885 | D        | Noticed a demonic crawler
   885 | D        | Noticed a demonic crawler
   885 | D        | Noticed a demonic crawler
   895 | D        | Killed a demonic crawler
   900 | D        | HP: 3/82 [demonic crawler (7)]
   900 | D        | HP: 1/82 [demonic crawler (2)]
   900 | D        | Slain by a demonic crawler

Illustrated notes

Levels and vault maps discovered:
D:        dungeon_sprint_1 [red_sonja_temple_1, red_sonja_temple_small_1]

Skill      XL: |  1  2  3  4  5  6  7  8 |
---------------+-------------------------+-----
Axes           | 7 8 10 11 12 | 12.1
Shields        | 8 11 12 | 12.6
Fighting       | 9 10 11 | 11.0
Armour         | 9 10 11 | 11.0

Action                   |  1- 3 |  4- 6 |  7- 9 || total
-------------------------+-------+-------+-------++-------
Melee: War axe           |     5 |    30 |    26 ||    61
       Headbutt          |     2 |     9 |     4 ||    15
Invok: Heroism           |       |       |     1 ||     1
  Use: Potion            |     1 |       |     1 ||     2
Armor: Scale mail        |       |     4 |    14 ||    18
Dodge: Dodged            |     2 |     7 |    20 ||    29
Block: Kite shield       |     1 |     7 |    26 ||    34
